 Dungeon Crawl Stone Soup version 0.32-a0-540-g866d13106e (webtiles) character file.

Game seed: 18428151215041627187

312 ytrimaz the Sneak (level 6, 0/36 HPs)
             Began as an Octopode Necromancer on Feb 28, 2024.
             Killed from afar by an orc wizard (10 damage)
             ... with a magic dart
             ... on level 4 of the Dungeon.
             The game lasted 00:04:13 (2952 turns).

ytrimaz the Sneak (Octopode Necromancer)            Turns: 2952, Time: 00:04:13

Health: 0/36       AC:  1    Str:  7    XL:     6   Next: 42%
Magic:  3/11       EV: 13    Int: 19    God:
Gold:   141        SH:  0    Dex: 13    Spells: 8/12 levels left

rFire   . . .        (no weapon)
rCold   . . .        (no shield)
rNeg    . . .        (helmet restricted)
rPois   .            (no amulet)
rElec   .            (no ring)
rCorr   .            (no ring)
SInv    .            (no ring)
Will    .....        (no ring)
Stlth   ++++         (no ring)
HPRegen 0.26/turn    (no ring)
MPRegen 0.12/turn    (no ring)
                     (no ring)

%: no passive effects
@: no status effects
A: almost no armour, amphibious, 8 rings, camouflage 1, gelatinous body 1,
(nimble swimmer 1), tentacles
a: Convert to Beogh


You were on level 4 of the Dungeon.
You visited 1 branch of the dungeon, and saw 4 of its levels.

You collected 141 gold pieces.


Innate Abilities, Weirdness & Mutations

You cannot wear most types of armour.
You are amphibious.
You can wear up to eight rings at the same time.
Your skin changes colour to match your surroundings (Stealth+).
Your rubbery body absorbs attacks. (AC +1, EV +1)
((You are camouflaged when in or above water. (Stealth+)))
You have tentacles for arms and can constrict up to eight enemies at once.


   Skills:
 - Level 2.0 Dodging
 + Level 5.9 Stealth
 + Level 3.8 Spellcasting
 + Level 5.3 Necromancy


You had 8 spell levels left.
You knew the following spells:

 Your Spells              Type           Power      Damage    Failure   Level
a - Necrotise             Necr           96%        1d8       1%          1
b - Vampiric Draining     Necr           24%        2d7       4%          3

Your spell library contained the following spells:

 Spells                   Type           Power      Damage    Failure   Level
 Cigotuvi's Dreadful Rot  Necr/Alch/Air  20%        N/A       11%         2
 Foxfire                  Conj/Fire      12%        2x1d4     14%         1
 Animate Dead             Necr           24%        N/A       16%         4
 Call Canine Familiar     Summ           3%         N/A       38%         3
 Sigil of Binding         Hex            3%         N/A       38%         3
 Summon Ice Beast         Ice/Summ       3%         N/A       38%         3
 Curse of Agony           Necr           24%        N/A       41%         5
 Dimensional Bullseye     Hex/Tloc       1%         N/A       80%         4
 Ignite Poison            Fire/Alch      3%         N/A       80%         4
 Freezing Cloud           Conj/Ice/Air   1%         6-21      98%         5
 Summon Mana Viper        Hex/Summ       3%         N/A       98%         5
 Plasma Beam              Fire/Air       1%         2x1d11    100%        6
 Starburst                Conj/Fire      1%         6d3       100%        6
 Monstrous Menagerie      Summ           1%         N/A       100%        7

Inventory:

Jewellery
 k - an amulet of guardian spirit
   (You found it on level 3 of the Dungeon)
Wands
 j - a wand of flame (5)
   (You took it off Jessica on level 3 of the Dungeon)
Scrolls
 b - a scroll of teleportation
 c - a scroll of fog {unknown}
 d - a scroll of identify {unknown}
 f - a scroll of noise {unknown}
 g - a scroll of torment {unknown}
 h - a scroll of blinking {unknown}
 i - a scroll of fear {unknown}
Potions
 a - a potion of magic
 e - 2 potions of cancellation

Dungeon Overview and Level Annotations

Branches:
Dungeon (4/15) Zot: 21047
 Temple: D:4-7

Altars:
Makhleb
Ru

#. #. #. #. #.
#.
#.#############
#<.....@{o...o.
##.############
#.#######
#.......#
#######.# #.#
#.# #.# #.#


You could see an orc priest and an orc.


Message History

You can't see any susceptible monsters within range! (Use Z to cast anyway.) Partly explored, can't reach some places.
Unknown command.
Things that are here:
a +0 scythe; a +0 robe; the human skeleton of Sigmund
There is a stone staircase leading down here.
You climb downwards.
There is a stone staircase leading up here.
Found a stone staircase leading up.
An orc comes into view. It is wielding a +0 dagger.
An orc is nearby!
An orc is nearby!
An orc is nearby!
An orc wizard comes into view. It is wielding a +0 dagger.
An orc priest comes into view. It is wielding a +0 flail.
An orc wizard comes into view. It is wielding a +0 dagger.
The orc wizard shouts!
The orc shouts!
The orc wizard gestures wildly while chanting.
The orc wizard flickers and vanishes!
Deactivating autopickup; reactivate with Ctrl-A.
The orc priest shouts!
The orc writhes in agony.
The orc wizard shouts!
You hear a shout!
The orc wizard casts a spell.
The orc wizard flickers and vanishes! 😎 MP[-1]
You lost 1 mp, and now have 10/11 mp.
Unknown command.
The orc writhes in agony. 😎 MP[-1]
You lost 1 mp, and now have 9/11 mp.
The orc writhes in agony.
You kill the orc!
The dead are walking!
Something hits your orc skeleton. 😎 MP[-1]
You lost 1 mp, and now have 8/11 mp.
You can't see any susceptible monsters within range! (Use Z to cast anyway.) Unknown command.
You can't see any susceptible monsters within range! (Use Z to cast anyway.)
Something hits your orc skeleton.
Your orc skeleton is destroyed!
You see here a +0 dagger.
Unknown command.
Aiming: Necrotise (safe; 1% risk of failure)
Press: ? - help, Q - select action, (/) - cycle Shift-Dir - straight line, f - orc priest
Aim: an orc priest, wielding a +0 flail (chance to affect: 83%)
Something writhes in agony.
A magic dart appears from out of thin air!
The magic dart hits you. 😕 HP[-5] MP[-1]
You take 5 damage, and now have 31/36 hp.
You lost 1 mp, and now have 7/11 mp.
Unknown command.
Aiming: Necrotise (safe; 1% risk of failure)
Press: ? - help, Q - select action, (/) - cycle Shift-Dir - straight line, f/p - orc priest
Aim: an orc priest, wielding a +0 flail (chance to affect: 83%)
Something writhes in agony. 😕 MP[-1]
You lost 1 mp, and now have 6/11 mp.
Aiming: Necrotise (safe; 1% risk of failure)
Press: ? - help, Q - select action, (/) - cycle Shift-Dir - straight line, f/p - orc priest
Aim: an orc priest, wielding a +0 flail (chance to affect: 83%)
Something writhes in agony.
You hear some strange, mumbled words.
A puff of flame appears from out of thin air!
The puff of flame hits you!
The orc priest calls down the wrath of Beogh upon you.
Beogh smites you!
* * * LOW HITPOINT WARNING * * *
The orc priest shouts, "The Pantheon deserves no one's loyalty.
Let us show you the true path!" (press Y on the ability menu to convert to Beogh) 😨 HP[-18] MP[-1]
You take 18 damage, and now have 13/36 hp.
MASSIVE DAMAGE!! (PAUSE)
You lost 1 mp, and now have 5/11 mp.
Unknown command.
Aiming: Necrotise (safe; 1% risk of failure)
Press: ? - help, Q - select action, (/) - cycle Shift-Dir - straight line, f/p - orc priest
Aim: an orc priest, wielding a +0 flail (chance to affect: 83%)
Something writhes in agony.
Unknown command.
Aiming: Necrotise (safe; 1% risk of failure)
Press: ? - help, Q - select action, (/) - cycle Shift-Dir - straight line, f/p - orc priest
Aim: an orc priest, wielding a +0 flail (chance to affect: 83%) Nothing appears to happen.
An orc comes into view. It is wielding a +0 hand axe.
Something hits you.
* * * LOW HITPOINT WARNING * * *
😨 HP[-3] MP[-1]
You take 3 damage, and now have 10/36 hp.
You lost 1 mp, and now have 4/11 mp.
Aiming: Necrotise (safe; 1% risk of failure)
Press: ? - help, Q - select action, (/) - cycle Shift-Dir - straight line, f/p - orc priest
Aim: an orc priest, wielding a +0 flail (chance to affect: 83%)
Something writhes in agony.
The orc priest shouts, "Surrender to Beogh and we'll let you live!"
You hear some strange, mumbled words.
A magic dart appears from out of thin air!
The magic dart hits you!
You die...

Skill      XL: |  1  2  3  4  5 |
---------------+----------------+-----
Stealth        | 3 4 5 |  5.9
Spellcasting   | 3 |  3.8
Necromancy     | 5 |  5.3
Dodging        | |  2.0

Action                     |  1- 3 |  4- 6 || total
---------------------------+-------+-------++-------
  Melee: Unarmed           |    14 |     7 ||    21
         Constrict         |     8 |     2 ||    10
         Punch             |     1 |       ||     1
         Tentacles         |     3 |     2 ||     5
   Cast: Necrotise         |    39 |    39 ||    78
         Vampiric Draining |       |     3 ||     3
  Evoke: Wand              |       |     6 ||     6
    Use: Potion            |       |     2 ||     2
         Scroll            |       |     1 ||     1
   Stab: Sleeping          |     3 |       ||     3
 Armour: Skin              |     9 |    17 ||    26
  Dodge: Dodged            |    13 |     6 ||    19

Levels and vault maps discovered:
D:1:      erik_arrival_cave_to_civilisation [erik_arrival_cave_to_hall],
          layout_basic
D:2:      layout_loops_ring, basic_altar, uniq_terence
D:3:      cheibrodos_helix_gallery, layout_basic, general_overflow_altar,
          uniq_jessica, uniq_sigmund
D:4:      layout_basic, mainiacjoe_overflow_catch_the_wave,
          nicolae_shop_i_like_small_books_too

Notes
Turn   | Place    | Note
-------+----------+-------------------------------------------
     0 | D:1      | ytrimaz the Octopode Necromancer began the quest for the
                  | Orb.
     0 | D:1      | Reached XP level 1. HP: 11/11 MP: 3/3
     0 | D:1      | magus.rc [v1.9.6]
   154 | D:1      | Reached skill level 3 in Stealth
   180 | D:1      | You pick up a book of Fire and begin reading...
   180 | D:1      | You add the spells Foxfire, Plasma Beam and Starburst to
                  | your library.
   225 | D:1      | Reached XP level 2. HP: 14/17 MP: 0/5
   604 | D:1      | You pick up a book of Beasts and begin reading...
   604 | D:1      | You add the spells Summon Ice Beast, Summon Mana Viper and
                  | Monstrous Menagerie to your library.
   783 | D:1      | Reached XP level 3. HP: 21/21 MP: 6/6
   787 | D:1      | Learned a level 3 spell: Vampiric Draining
  1167 | D:2      | You pick up a book of the Hunter and begin reading...
  1167 | D:2      | You add the spells Sigil of Binding, Call Canine Familiar
                  | and Dimensional Bullseye to your library.
  1208 | D:2      | You add the spells Cigotuvi's Dreadful Rot, Ignite Poison
                  | and Freezing Cloud to your library.
  1339 | D:2      | Found a burning altar of Makhleb.
  1361 | D:2      | Noticed Terence
  1369 | D:2      | Killed Terence
  1370 | D:2      | Reached skill level 4 in Stealth
  1370 | D:2      | Reached XP level 4. HP: 27/27 MP: 0/8
  2078 | D:3      | Reached skill level 3 in Spellcasting
  2226 | D:3      | Noticed Jessica
  2235 | D:3      | Killed Jessica
  2236 | D:3      | Reached XP level 5. HP: 31/31 MP: 5/9
  2547 | D:3      | Reached skill level 5 in Stealth
  2554 | D:3      | Noticed Sigmund
  2574 | D:3      | HP: 3/31 [something (9)]
  2577 | D:3      | Killed Sigmund
  2578 | D:3      | Reached skill level 5 in Necromancy
  2578 | D:3      | Reached XP level 6. HP: 14/36 MP: 3/11
  2696 | D:3      | Found a sacrificial altar of Ru.
  2952 | D:4      | Killed from afar by an orc wizard

Vanquished Creatures
  Sigmund (D:3)
  A bombardier beetle (D:3)
  Jessica (D:3)
  Terence (D:2)
  3 adders
  4 dart slugs
  A ribbon worm (D:3)
  2 orcs
  An endoplasm (D:1)
  2 giant cockroaches
  2 goblins (D:1)
  6 hobgoblins
  3 quokkas
  4 ball pythons
  2 bats
  2 frilled lizards (D:1)
  5 kobolds
  3 rats
44 creatures vanquished.

Vanquished Creatures (collateral kills)
  A quokka (D:3)
  A frilled lizard (D:1)
2 creatures vanquished.

Grand Total: 46 creatures vanquished

Table legend:
 A = Non-vault XP
 B = Vault XP
 C = Vault XP percentage of total XP
 D = Non-vault monster count
 E = Vault monster count
 F = Vault count percentage of total count
                 A         B        C        D         E       F
            +---------+---------+-------+---------+---------+-------
      Total |     157 |     290 |  64.9 |      39 |       7 |  15.2
            +---------+---------+-------+---------+---------+-------
        D:1 |      35 |       3 |   7.9 |      19 |       2 |   9.5
        D:2 |      30 |      32 |  51.6 |       9 |       1 |  10.0
        D:3 |      89 |     255 |  74.1 |      10 |       4 |  28.6
        D:4 |       3 |       0 |   0.0 |       1 |       0 |   0.0
            +---------+---------+-------+---------+---------+-------

Skill      XL: |  1  2  3  4  5 |
---------------+----------------+-----
Stealth        | 3 4 5 |  5.9
Spellcasting   | 3 |  3.8
Necromancy     | 5 |  5.3
Dodging        | |  2.0

Action                     |  1- 3 |  4- 6 || total
---------------------------+-------+-------++-------
  Melee: Unarmed           |    14 |     7 ||    21
         Constrict         |     8 |     2 ||    10
         Punch             |     1 |       ||     1
         Tentacles         |     3 |     2 ||     5
   Cast: Necrotise         |    39 |    39 ||    78
         Vampiric Draining |       |     3 ||     3
  Evoke: Wand              |       |     6 ||     6
    Use: Potion            |       |     2 ||     2
         Scroll            |       |     1 ||     1
   Stab: Sleeping          |     3 |       ||     3
 Armour: Skin              |     9 |    17 ||    26
  Dodge: Dodged            |    13 |     6 ||    19

Illustrated notes

Table legend:
 A = Kills in this place as a percentage of kills in the entire game.
 B = Kills by you in this place as a percentage of kills by you in the entire game.
 C = Kills by friends in this place as a percentage of kills by friends in the entire game.
 D = Other kills in this place as a percentage of other kills in the entire game.
 E = Experience gained in this place as a percentage of experience gained in the entire game.
 F = Experience gained in this place divided by the number of levels of this place that you have seen.
                   A       B       C       D       E      F
               +-------+-------+-------+-------+-------+----------------------
         Total | 100.0 | 100.0 | 100.0 |   N/A | 100.0 | 111.8
       Dungeon | 100.0 | 100.0 | 100.0 |   N/A | 100.0 | 111.8
               +-------+-------+-------+-------+-------+----------------------

Table legend: (Time is in decaauts)
 A = Elapsed time spent in this place.
 B = Non-inter-level travel time spent in this place.
 C = Inter-level travel time spent in this place.
 D = Time resting spent in this place.
 E = Time spent auto-exploring this place.
 F = Levels seen in this place.
 G = Mean time per level.
                   A        B        C        D        E       F      G
               +--------+--------+--------+--------+--------+-----+--------+
         Total |   2951 |   2836 |    115 |      0 |   2523 |   4 |  737.8 |
       Dungeon |   2951 |   2836 |    115 |      0 |   2523 |   4 |  737.8 |
               +--------+--------+--------+--------+--------+-----+--------+

Top non-repeatable levels by time:
     D:1: 1134 daAuts
     D:3: 941 daAuts
     D:2: 845 daAuts
     D:4: 29 daAuts
